 Dungeon Crawl Stone Soup version 0.19-a0-805-g0a78ef0 (webtiles) character file.

23 4thArraOfDagon the Magician (level 3, 0/16 HPs)
             Began as a Vine Stalker Wizard on June 27, 2016.
             Succumbed to a kobold's poison
             ... on level 3 of the Dungeon.
             The game lasted 00:01:35 (352 turns).

4thArraOfDagon the Magician (Vine Stalker Wizard)    Turns: 352, Time: 00:01:36

Health: 0/16       AC:  7    Str: 14    XL:     3   Next: 0%
Magic:  8/8        EV:  9    Int: 18    God:
Gold:   54         SH:  0    Dex: 13    Spells: 1 memorised, 7 levels left

rFire  . . .     SeeInvis .       - Unarmed
rCold  . . .     Gourm    .     e - +0 scale mail
rNeg   . . .     Faith    .     (no shield)
rPois  .         Spirit   +     b - +0 hat
rElec  .         Dismiss  .     h - +0 cloak
rCorr  .         Reflect  .     (no gloves)
SustAt .         Harm     .     (no boots)
MR     .....                    (no amulet)
Stlth  +.........               (no ring)
                                (no ring)

@: mighty, lethally poisoned (0 -> -4), not resistant to hostile enchantments,
very unstealthy
A: fangs 2, regeneration 1, magic shield, antimagic bite, no device heal 3, rot
immunity
a: no special abilities


You were on level 3 of the Dungeon.
You were not hungry.

You visited 1 branch of the dungeon, and saw 3 of its levels.

You collected 54 gold pieces.

Inventory:

Missiles
 f - 3 curare-tipped needles
Armour
 a - a +0 robe
 b - a +0 hat (worn)
 e - a +0 scale mail (worn)
 h - a +0 cloak (worn)
 j - a +0 ring mail
Books
 c - a book of Minor Magic

   Spells                             Type                      Level
   a - Magic Dart                     Conjuration                  1
   b - Blink                          Translocation                2
   c - Call Imp                       Summoning                    2
   d - Repel Missiles                 Charms/Air                   2
   e - Slow                           Hexes                        2
   f - Conjure Flame                  Conjuration/Fire             3
   g - Mephitic Cloud                 Conjuration/Poison/Air       3
Comestibles
 d - 2 bread rations


   Skills:
 - Level 1.5 Dodging
 - Level 2.4 Stealth
 * Level 2.4 Unarmed Combat
 - Level 3.2 Spellcasting
 - Level 1.0 Conjurations
   Level 1.0 Summonings
   Level 1.0 Translocations


You had 7 spell levels left.
You knew the following spells:

 Your Spells              Type           Power        Failure   Level  Hunger
a - Magic Dart            Conj           #...         56%         1    None


Dungeon Overview and Level Annotations

Branches:
Dungeon (3/15)

Altars:

Annotations:
D:3 Xiguana's ghost, amateur VSMo


Innate Abilities, Weirdness & Mutations

You have extremely sharp teeth.
Your natural rate of healing is unusually fast.
When hurt, damage is shared between your health and your magic reserves.
Your bite disrupts and absorbs the magic of your enemies.
Potions and wands cannot restore your health.
You are immune to rotting.


Message History

* * * LOW HITPOINT WARNING * * *
You feel sick.
* * * LOW HITPOINT WARNING * * *
You feel sick.
* * * LOW HITPOINT WARNING * * *
You feel sick.
There is an open door here.
It was a potion of might.
You feel very mighty all of a sudden.
* * * LOW HITPOINT WARNING * * *
You feel sick.
It was a potion of heal wounds.
That seemed strangely inert.
* * * LOW HITPOINT WARNING * * *
You feel sick.
Unknown command.
Unknown command.
* * * LOW HITPOINT WARNING * * *
You feel sick.
Unknown command.
You die...

##########
#........#
#........#...#
#........#...#
#........#...# .
#.....@..+...+ ..
#........#...##...
#........#......
#######'##)..#
##.##...#
#....#.## #)...#.#
##########....#W#
#..........(..#<#


There were no monsters in sight!

Vanquished Creatures
  An adder (D:2)
  An ooze (D:1)
  An orc (D:3)
  A giant cockroach (D:2)
  2 bats (D:3)
  A giant newt (D:2)
  A goblin (D:3)
  2 kobolds
  A rat (D:2)
11 creatures vanquished.

Notes
Turn   | Place    | Note
--------------------------------------------------------------
     0 | D:1      | 4thArraOfDagon the Vine Stalker Wizard began the quest for the Orb.
     0 | D:1      | Reached XP level 1. HP: 9/9 MP: 5/5
   145 | D:2      | Reached skill level 1 in Unarmed Combat
   145 | D:2      | Reached XP level 2. HP: 11/13 MP: 5/7
   249 | D:3      | Noticed Xiguana's ghost (amateur VSMo)
   343 | D:3      | Reached XP level 3. HP: 7/16 MP: 8/8
   352 | D:3      | Succumbed to a kobold's poison

Vault maps used:
D:1:      dpeg_arrival_central, kennysheep_another_room
D:2:      lemuel_round_altar
D:3:      grunt_gozag_breadcrumbs, first_bread

Skill      XL: |  1  2 |
---------------+-------+-----
Unarmed Combat | 1 2 |  2.4
Dodging        | |  1.5
Stealth        | |  2.4
Spellcasting   | |  3.2
Conjurations   | |  1.0
Summonings     | |  1.0
Translocations | |  1.0

Action                   || total
-------------------------++-------
Melee: Unarmed           ||    72
       Bite              ||    15
  Use: Potion            ||     2
Armor: Scale mail        ||    64
Dodge: Dodged            ||    35
